 Dungeon Crawl Stone Soup version 0.18.1-48-g4cf74bf (webtiles) character file.

182 PossumBlood the Archer (level 5, -2/51 HPs)
             Began as a High Elf Hunter on Aug 14, 2016.
             Slain by an orc warrior
             ... wielding a +0 dire flail
              (3 damage)
             ... on level 3 of the Dungeon.
             The game lasted 00:13:51 (3771 turns).

PossumBlood the Archer (High Elf Hunter)            Turns: 3771, Time: 00:13:51

Health: -2/51      AC: 24    Str: 11    XL:     5   Next: 35%
Magic:  6/6        EV:  2    Int: 14    God:
Gold:   157        SH:  0    Dex: 17    Spells: 0 memorised, 4 levels left

rFire  . . .     SeeInvis .     a - +1 shortbow
rCold  . . .     Gourm    +     (armour currently unavailable)
rNeg   + + +     Faith    .     (shield currently unavailable)
rPois  +         Spirit   .     (helmet currently unavailable)
rElec  .         Dismiss  .     (cloak currently unavailable)
rCorr  .         Reflect  .     (gloves currently unavailable)
SustAt .         Harm     .     (boots currently unavailable)
MR     .....     NoTele   +     w - amulet of the gourmand
Stlth  ++........               (no ring)
                                q - +2 ring of protection

@: tree-form, not resistant to hostile enchantments, unstealthy
A: no striking features
a: no special abilities


You were on level 3 of the Dungeon.
You were not hungry.
You were a tree.
You visited 1 branch of the dungeon, and saw 3 of its levels.

You collected 157 gold pieces.

Inventory:

Hand Weapons
 a - a +1 shortbow (weapon)
 b - a +0 short sword
Missiles
 d - 54 arrows (quivered)
 v - 4 tomahawks
Armour
 c - a +0 leather armour (melded)
 f - a +0 cloak (melded)
 r - a +0 helmet (melded)
Jewellery
 q - a +2 ring of protection (left branch)
 w - an amulet of the gourmand (around neck)
Scrolls
 e - a scroll of fog
 k - 5 scrolls of remove curse
 o - a scroll of teleportation {unknown}
Potions
 h - 2 potions of flight {unknown}
 i - a potion of ambrosia {unknown}
 j - a potion of lignification
 l - a potion of mutation {unknown}
 m - 2 potions of agility {unknown}
 s - 4 potions of curing {unknown}
Comestibles
 g - 2 meat rations
 n - a slice of pizza
 p - 2 beef jerkies
 t - 2 bread rations
 u - 2 fruits


   Skills:
 - Level 2.0 Fighting
 * Level 8.8 Bows
 - Level 2.1 Dodging
 - Level 1.1 Stealth


You had 4 spell levels left.
You didn't know any spells.

Dungeon Overview and Level Annotations

Branches:
Dungeon (3/15)

Altars:
Ru
Trog


Message History

Aim: an orc warrior, wielding a dire flail and wearing a plate armour (lightly wounded)
You shoot an arrow.
The arrow barely misses the orc warrior.
The orc warrior hits you with a dire flail!
* * * LOW HITPOINT WARNING * * *
You are too injured to fight recklessly!
You are too injured to fight recklessly!
You are too injured to fight recklessly!
You are too injured to fight recklessly!
You are too injured to fight recklessly!
You are too injured to fight recklessly!
Drink which item? (? for menu, Esc to quit)
Okay, then.
Drink which item? (? for menu, Esc to quit)
It was a potion of lignification.
You turn into a tree.
Your +0 cloak melds into your body.
Your +0 helmet melds into your body.
Your +0 leather armour melds into your body.
Your roots penetrate the ground.
The orc warrior hits you with a dire flail.
You die...

###..........................####
..'.................†............
###.........#.......##.......####
..'.........###.######.......#
###.........###.######......†#
###..........................#
........#####.##.#####.......#
###............#.# #.......#
#..........†.#♣# #....)..#
#............#o# #.......#
#............#). #.......#
#............##(# #.......#
#........†...# (# ####+####
#............# (# #............#
.# ###............# .(
...............#


You could see an orc warrior.

Vanquished Creatures
  Ijyb (D:3)
  4 adders
  8 worms
  3 dart slugs (D:2)
  4 giant geckos
  3 orcs (D:3)
  5 giant cockroaches
  15 goblins
  8 hobgoblins
  6 jackals
  5 kobolds
  2 ball pythons
  10 bats
  3 giant newts
  9 rats
86 creatures vanquished.

Notes
Turn   | Place    | Note
--------------------------------------------------------------
     0 | D:1      | PossumBlood the High Elf Hunter began the quest for the Orb.
     0 | D:1      | Reached XP level 1. HP: 14/14 MP: 2/2
   325 | D:1      | Reached XP level 2. HP: 19/19 MP: 3/3
   352 | D:1      | Reached skill level 6 in Bows
  1417 | D:2      | Reached XP level 3. HP: 20/24 MP: 4/4
  1519 | D:2      | Reached skill level 7 in Bows
  1917 | D:2      | Found a sacrificial altar of Ru.
  1929 | D:2      | Noticed a moth of wrath
  1932 | D:2      | Found a bloodstained altar of Trog.
  1946 | D:2      | Reached XP level 4. HP: 29/29 MP: 5/5
  1966 | D:2      | HP: 1/29 [worm (11)]
  3217 | D:3      | Reached skill level 8 in Bows
  3461 | D:3      | Reached XP level 5. HP: 34/34 MP: 6/6
  3577 | D:3      | Noticed Ijyb
  3595 | D:3      | Killed Ijyb
  3757 | D:3      | Noticed an orc warrior
  3770 | D:3      | HP: 1/34 [orc warrior/dire flail (12)]
  3771 | D:3      | Slain by an orc warrior

Skill      XL: |  1  2  3  4 |
---------------+-------------+-----
Bows           | 6 7 8 |  8.8
Fighting       | |  2.0
Dodging        | |  2.1
Stealth        | |  1.1

Action                   |  1- 3 |  4- 6 || total
-------------------------+-------+-------++-------
Melee: Short sword       |   126 |    57 ||   183
 Fire: Shortbow          |    48 |   104 ||   152
  Use: Scroll            |     3 |     4 ||     7
       Potion            |       |     1 ||     1
 Stab: Sleeping          |     4 |     2 ||     6
  Eat: Bread ration      |     1 |       ||     1
       Fruit             |       |     3 ||     3
       Pizza             |       |     1 ||     1
Armor: Leather armour    |    44 |    29 ||    73
Dodge: Dodged            |    94 |    73 ||   167
